 Dungeon Crawl Stone Soup version 0.29.0-4-gdea44cf6ec (webtiles) character file.

Game seed: 14474874462867644671

77 qw the Chopper (level 4, -1/26 HPs)
             Began as a Tengu Warper on Aug 28, 2022.
             Killed by nerve-wracking pain
             ... invoked by Grinder
              (11 damage)
             ... while paralysed by Grinder
             ... on level 3 of the Dungeon.
             The game lasted 00:00:11 (2149 turns).

qw the Chopper (Tengu Warper)                       Turns: 2149, Time: 00:00:12

Health: -1/26      AC:  5    Str: 13    XL:     4   Next: 33%
Magic:  8/8        EV:  2    Int: 13    God:
Gold:   122        SH:  0    Dex: 14    Spells: 7/7 levels left

rFire   . . .      SeeInvis .   Y - +0 hand axe
rCold   . . .      Faith    .   (no shield)
rNeg    . . .      Spirit   .   f - +0 ring mail
rPois   .          Reflect  .   (helmet restricted)
rElec   .          Harm     .   (no cloak)
rCorr   .          Rampage  .   (no gloves)
Will    .....                   (boots unavailable)
Stlth   +.........              (no amulet)
HPRegen 0.08/turn               (no ring)
MPRegen 0.11/turn               (no ring)

@: paralysed
A: beak, talons 3
a: no special abilities


You were on level 3 of the Dungeon.
You visited 1 branch of the dungeon, and saw 3 of its levels.

You collected 122 gold pieces.


Innate Abilities, Weirdness & Mutations

You have a beak for a mouth.
You have claws for feet.


   Skills:
 - Level 2.0 Fighting
 + Level 4.9 Axes
 - Level 1.0 Throwing
 - Level 1.1 Armour
 - Level 2.1 Dodging
 - Level 2.0 Spellcasting
 - Level 2.4 Translocations


You had 7 spell levels left.
You didn't know any spells.
Your spell library contained the following spells:

 Spells                   Type           Power      Damage    Failure   Level
 Blink                    Tloc           14%        N/A       30%         2
 Gell's Gravitas          Tloc           7%         N/A       52%         3
 Lesser Beckoning         Tloc           7%         N/A       52%         3
 Teleport Other           Tloc           7%         N/A       52%         3
 Manifold Assault         Tloc           7%         N/A       99%         5

Inventory:

Hand Weapons
 n - a +0 flail
 Y - a +0 hand axe (weapon)
Armour
 c - a scarf of harm
 f - a +0 ring mail (worn)
Scrolls
 i - a scroll of teleportation
 l - a scroll of identify
Potions
 a - a potion of resistance {unknown}
 b - a potion of degeneration {unknown}
 d - a potion of mutation {unknown}
 e - a potion of might {unknown}
 g - a potion of heal wounds {unknown}
 h - a potion of brilliance {unknown}
 j - a potion of attraction {unknown}
 k - a potion of curing {unknown}
 m - a potion of cancellation

Dungeon Overview and Level Annotations

Branches:
Dungeon (3/15)

Altars:
Gozag

Annotations:
D:3 Grinder


Message History

The quokka barely misses you.
You hit the quokka.
The quokka is severely wounded.
The quokka bites you but does no damage.
The quokka bites you.
You hit the quokka.
You kill the quokka!
You start resting.
HP restored.
You see here a rat corpse.
Grinder comes into view.
She is carrying a wand of digging (5).
Found a stone staircase leading down.
Grinder shouts!
Grinder gestures at you. Pain shoots through your body!
You hit Grinder but do no damage. You claw Grinder.
Grinder is lightly wounded.
Grinder hits you.
You writhe in agony.
You hit Grinder. You claw Grinder, but do no damage.
Grinder is moderately wounded.
Grinder gestures at you.
You barely resist. You slash Grinder! Your peck misses Grinder.
Grinder is heavily wounded.
Grinder gestures at you. You resist with significant effort.
You hit Grinder but do no damage.
Grinder is heavily wounded.
Grinder barely misses you.
You hit Grinder.
Grinder is heavily wounded.
Grinder hits you.
You writhe in agony.
You closely miss Grinder. Your kick misses Grinder.
Grinder is heavily wounded.
Grinder gestures at you.
You suddenly lose the ability to move!
Grinder says, "Mostly I couldn't keep them alive."
Grinder gestures at you. Pain shoots through your body!
You die...

..#.####.......###..#
..#.####.......##.. #
..%.##.....#####.. .#
..#........#
###.####.#
###.##.....#
#........# #........#
#...$....# ####.....#
#........#
#.....###..!.....#
#.....%%...@5.#
...#####........# #..
#........# #..
...........# ##
#.##........# #
..........#
...........#
>.#........#


You could see Grinder.

Vanquished Creatures
  4 adders
  2 dart slugs (D:1)
  An orc (D:3)
  3 bats
  5 endoplasms
  3 goblins
  2 hobgoblins (D:3)
  2 quokkas
  3 ball pythons
  3 frilled lizards
  2 kobolds
  8 rats
38 creatures vanquished.

Notes
Turn   | Place    | Note
-------+----------+-------------------------------------------
     0 | D:1      | qw the Tengu Warper began the quest for the Orb.
     0 | D:1      | Reached XP level 1. HP: 12/12 MP: 4/4
     0 | D:1      | 0 ||| qw: Version: 0.1-a-89-g26bdef1
     0 | D:1      | 0 ||| qw: Game counter: 2813
     0 | D:1      | 0 ||| qw: Always use a shield: true
     0 | D:1      | 0 ||| qw: God list: Okawaru
     0 | D:1      | 0 ||| qw: Allow faded altars: false
     0 | D:1      | 0 ||| qw: Do Orc after D:15 true
     0 | D:1      | 0 ||| qw: Do second Lair branch before Depths: true
     0 | D:1      | 0 ||| qw: Lair rune preference: random
     0 | D:1      | 0 ||| qw: Plans: Normal
     0 | D:1      | 0 ||| PLANNING D:1-11
    92 | D:1      | 92 ||| DROPPING +0 club.
   110 | D:1      | Reached XP level 2. HP: 17/17 MP: 6/6
   119 | D:1      | Reached skill level 3 in Axes
   601 | D:1      | 601 ||| UPGRADING to +0 ring mail.
   611 | D:1      | 611 ||| DROPPING +0 leather armour.
   612 | D:1      | 612 ||| READING scroll labelled DOOZXE JUANEXUO.
   613 | D:1      | 613 ||| READING 2 scrolls labelled ZIASAH ZETU.
   617 | D:1      | 617 ||| DROPPING scroll of blinking.
   637 | D:2      | Reached XP level 3. HP: 8/21 MP: 7/7
   884 | D:2      | Reached skill level 4 in Axes
   938 | D:2      | 938 ||| Stepping ~*~*~tactically~*~*~ (stealth).
  1250 | D:2      | Found a faded altar of an unknown god.
  1593 | D:2      | 1593 ||| DROPPING +0 mace.
  1756 | D:2      | 1756 ||| READING scroll labelled DUWORCH XIBINEA.
  1757 | D:2      | 1757 ||| READING scroll labelled AFU NOIXIUH.
  1758 | D:2      | 1758 ||| DRINKING 2 murky grey potions.
  1767 | D:3      | Reached XP level 4. HP: 26/26 MP: 8/8
  1915 | D:3      | 1915 ||| Stepping ~*~*~tactically~*~*~ (stealth).
  1916 | D:3      | 1916 ||| Stepping ~*~*~tactically~*~*~ (stealth).
  1984 | D:3      | Found an opulent altar of Gozag.
  2056 | D:3      | 2056 ||| Stepping ~*~*~tactically~*~*~ (stealth).
  2139 | D:3      | Noticed Grinder
  2148 | D:3      | Paralysed by Grinder for 4 turns
  2149 | D:3      | Killed from afar by Grinder

Levels and vault maps discovered:
D:1:      dpeg_arrival_rooms_a, layout_basic, minmay_tiny_reverse_x
D:2:      layout_basic, shapermc_ecumenical_altar_totnotflames,
          minmay_heptomino_l4
D:3:      layout_basic, grunt_gozag_breadcrumbs, uniq_grinder

Skill      XL: |  1  2  3 |
---------------+----------+-----
Axes           | 3 4 |  4.9
Fighting       | |  2.0
Throwing       | |  1.0
Armour         | |  1.1
Dodging        | |  2.1
Spellcasting   | |  2.0
Translocations | |  2.4

Action                   |  1- 3 |  4- 6 || total
-------------------------+-------+-------++-------
Melee: Hand axe          |    66 |    34 ||   100
       Kick              |    10 |     7 ||    17
       Peck              |     6 |     5 ||    11
       Punch             |     1 |       ||     1
Throw: Boomerang         |     7 |       ||     7
  Use: Scroll            |     4 |       ||     4
       Potion            |     1 |       ||     1
Armor: Leather armour    |     3 |       ||     3
       Ring mail         |    15 |     9 ||    24
Dodge: Dodged            |    39 |    10 ||    49

Table legend:
 A = Non-vault XP
 B = Vault XP
 C = Vault XP percentage of total XP
 D = Non-vault monster count
 E = Vault monster count
 F = Vault count percentage of total count
                 A         B        C        D         E       F
            +---------+---------+-------+---------+---------+-------
      Total |     106 |       4 |   3.6 |      34 |       4 |  10.5
            +---------+---------+-------+---------+---------+-------
        D:1 |      27 |       2 |   6.9 |      14 |       2 |  12.5
        D:2 |      49 |       2 |   3.9 |       9 |       2 |  18.2
        D:3 |      30 |       0 |   0.0 |      11 |       0 |   0.0
            +---------+---------+-------+---------+---------+-------
